[Event "GER-ch Youth U12w 2019"]
[Site "Willingen"]
[Date "2019.06.10"]
[Round "3.5"]
[White "Pohle, Saskia"]
[Black "Alhassan, Jodi"]
[Result "1-0"]
[ECO "B90"]
[WhiteElo "1819"]
[BlackElo "1108"]
[Annotator "NA"]
[PlyCount "51"]
[EventDate "2019.06.07"]
[EventType "swiss"]
[EventRounds "9"]
[EventCountry "GER"]
[SourceTitle "playchess.com"]
[Source "ChessBase"]
[SourceQuality "1"]
[TimeControl "40/4500+30:900+30"]

1. e4 c5 2. Nf3 d6 3. d4 cxd4 4. Nxd4 Nf6 5. Nc3 a6 6. h3 Nc6 7. Be3 e6 8. Qd2 Be7 9. g4 O-O 10. O-O-O Qc7 11. g5 Nd7 12. f4 b5 13. f5 Nxd4 14. Bxd4 b4 15. Ne2 exf5 16. exf5 Bd8 17. f6 g6 18. h4 Bb7 19. Rh2 Qa5 20. Kb1 Bd5 21. Nc1 Nb6 22. Bxb6 Bxb6 23. Qxd5 Qxd5 24. Rxd5 Rfd8 25. Bg2 Rab8 26. Nd3 {[%emt 0:04:13] normal} 1-0

[Event "GER-ch Youth U12w 2019"]
[Site "Willingen"]
[Date "2019.06.10"]
[Round "3.6"]
[White "Petrosyan, Ani"]
[Black "Ramien, Hannah"]
[Result "1-0"]
[ECO "D37"]
[WhiteElo "1378"]
[BlackElo "1296"]
[Annotator "NA"]
[PlyCount "69"]
[EventDate "2019.06.07"]
[EventType "swiss"]
[EventRounds "9"]
[EventCountry "GER"]
[SourceTitle "playchess.com"]
[Source "ChessBase"]
[SourceQuality "1"]
[TimeControl "40/4500+30:900+30"]

1. c4 e6 2. Nf3 d5 3. d4 Nf6 4. Nc3 Be7 5. cxd5 Nxd5 6. e4 Nf6 7. Be2 Bb4 8. Qc2 O-O 9. O-O b6 10. Bg5 h6 11. Bh4 Bb7 12. e5 g5 13. Nxg5 hxg5 14. Bxg5 Be7 15. Bxf6 Bxf6 16. exf6 Qxf6 17. Rad1 Qg5 18. Ne4 Qg6 19. Bd3 f5 20. Ng3 Qg7 21. Rfe1 Nc6 22. Bc4 Nxd4 23. Bxe6+ Kh8 24. Qc3 c5 25. Bc4 Rae8 26. Bf1 Ba8 27. Re3 Rxe3 28. fxe3 Ne6 29. Qxg7+ Kxg7 30. Rd7+ Rf7 31. Rxf7+ Kxf7 32. Nxf5 Kf6 33. Bd3 Bd5 34. a3 c4 35. Bc2 {[%emt 0:00:19] normal} 1-0

[Event "GER-ch Youth U12w 2019"]
[Site "Willingen"]
[Date "2019.06.10"]
[Round "3.7"]
[White "Ulrich, Helena Irene"]
[Black "Peglau, Charis"]
[Result "0-1"]
[ECO "B15"]
[WhiteElo "1514"]
[BlackElo "1514"]
[Annotator "NA"]
[PlyCount "38"]
[EventDate "2019.06.07"]
[EventType "swiss"]
[EventRounds "9"]
[EventCountry "GER"]
[SourceTitle "playchess.com"]
[Source "ChessBase"]
[SourceQuality "1"]
[TimeControl "40/4500+30:900+30"]

1. e4 c6 2. d4 d5 3. Nc3 dxe4 4. Nxe4 Nf6 5. Nxf6+ exf6 6. c3 Be6 7. Bd3 Bd6 8. Nf3 Nd7 9. Be3 Qc7 10. Qc2 h6 11. O-O g5 12. g3 O-O-O 13. Rfe1 h5 14. a4 h4 15. b4 hxg3 16. fxg3 Rh5 17. b5 Rdh8 18. Qf2 Bd5 19. Re2 Bxg3 {[%emt 0:02:28] normal} 0-1

[Event "GER-ch Youth U12w 2019"]
[Site "Willingen"]
[Date "2019.06.10"]
[Round "3.8"]
[White "Sohr, Luna"]
[Black "Fischer, Darja"]
[Result "0-1"]
[ECO "D35"]
[WhiteElo "1357"]
[BlackElo "1480"]
[Annotator "NA"]
[PlyCount "29"]
[EventDate "2019.06.07"]
[EventType "swiss"]
[EventRounds "9"]
[EventCountry "GER"]
[SourceTitle "playchess.com"]
[Source "ChessBase"]
[SourceQuality "1"]
[TimeControl "40/4500+30:900+30"]

1. d4 d5 2. c4 e6 3. Nc3 Nf6 4. cxd5 exd5 5. Bg5 Be7 6. e3 O-O 7. Bd3 b6 8. Qc2 Nbd7 9. Nf3 Bb7 10. O-O h6 11. Bh4 Re8 12. Rac1 c5 13. b3 Rc8 14. Nd2 cxd4 15. exd4 {[%emt 0:02:44] normal} 0-1

[Event "GER-ch Youth U12w 2019"]
[Site "Willingen"]
[Date "2019.06.10"]
[Round "3.9"]
[White "Trunz, Michelle"]
[Black "von Beckh, Frieda"]
[Result "1-0"]
[ECO "B24"]
[WhiteElo "1505"]
[BlackElo "1465"]
[Annotator "NA"]
[PlyCount "39"]
[EventDate "2019.06.07"]
[EventType "swiss"]
[EventRounds "9"]
[EventCountry "GER"]
[SourceTitle "playchess.com"]
[Source "ChessBase"]
[SourceQuality "1"]
[TimeControl "40/4500+30:900+30"]

1. e4 c5 2. Nc3 Nc6 3. g3 g6 4. Bg2 Bg7 5. d3 Nf6 6. Be3 d6 7. h3 O-O 8. Qd2 Re8 9. Nge2 Rb8 10. f4 e5 11. O-O b5 12. Nd1 c4 13. f5 d5 14. fxg6 fxg6 15. exd5 Nxd5 16. dxc4 Nxe3 17. Qxe3 Nd4 18. Nxd4 exd4 19. Qf4 Bf5 20. cxb5 {[%emt 0:27:59] normal} 1-0

[Event "GER-ch Youth U12w 2019"]
[Site "Willingen"]
[Date "2019.06.11"]
[Round "4.1"]
[White "Braeutigam, Katerina"]
[Black "Zhou, Lepu Coco"]
[Result "0-1"]
[ECO "C96"]
[WhiteElo "1697"]
[BlackElo "1724"]
[Annotator "NA"]
[PlyCount "94"]
[EventDate "2019.06.07"]
[EventType "swiss"]
[EventRounds "9"]
[EventCountry "GER"]
[SourceTitle "playchess.com"]
[Source "ChessBase"]
[SourceQuality "1"]
[TimeControl "40/4500+30:900+30"]

1. e4 e5 2. Nf3 Nc6 3. Bb5 a6 4. Ba4 Nf6 5. O-O Be7 6. Re1 b5 7. Bb3 d6 8. c3 O-O 9. h3 Na5 10. Bc2 c5 11. d4 Nd7 12. Nbd2 exd4 13. cxd4 Nc6 14. Nf1 Bf6 15. Be3 c4 16. Ng3 g6 17. Bf4 Nb6 18. Qd2 Bh8 19. Bg5 f6 20. Bh6 Re8 21. Rad1 a5 22. b3 a4 23. bxa4 Nxa4 24. Rb1 Qb6 25. d5 Nb8 26. Qb4 Qa6 27. Qxb5 Qxb5 28. Rxb5 Bd7 29. Rb4 c3 30. Bxa4 Rxa4 31. Rb3 Rc4 32. Bc1 Bg7 33. Re3 Rec8 34. Ne2 Bh6 35. Rd3 Bxc1 36. Nxc1 Na6 37. Re3 Nb4 38. Ne1 Ba4 39. Ra3 Bc2 40. f3 Bb1 41. Kf2 f5 42. Ra4 Nd3+ 43. Nexd3 Rxa4 44. Re2 fxe4 45. fxe4 c2 46. Ne1 Bxa2 47. Nxc2 Bb1 {[%emt 0:00:00] normal} 0-1

[Event "GER-ch Youth U12w 2019"]
[Site "Willingen"]
[Date "2019.06.11"]
[Round "4.2"]
[White "Sereda, Yaroslava"]
[Black "Roncea, Andrea-Alexandra"]
[Result "1-0"]
[ECO "C70"]
[WhiteElo "1626"]
[BlackElo "1558"]
[Annotator "NA"]
[PlyCount "72"]
[EventDate "2019.06.07"]
[EventType "swiss"]
[EventRounds "9"]
[EventCountry "GER"]
[SourceTitle "playchess.com"]
[Source "ChessBase"]
[SourceQuality "1"]
[TimeControl "40/4500+30:900+30"]

1. e4 e5 2. Nf3 Nc6 3. Bb5 a6 4. Ba4 b5 5. Bb3 Bb7 6. d4 d6 7. c3 Be7 8. O-O Nf6 9. Re1 O-O 10. Nbd2 h6 11. Nf1 Re8 12. Ng3 Bf8 13. a4 Na5 14. Bc2 Nc4 15. b3 Nb6 16. axb5 axb5 17. Bb2 g6 18. Bd3 c6 19. Qc2 Bg7 20. Rxa8 Bxa8 21. c4 bxc4 22. bxc4 Qc7 23. Rb1 Nfd7 24. dxe5 dxe5 25. c5 Nc8 26. Ba3 Ne7 27. Bc4 Rb8 28. Rxb8+ Qxb8 29. Qd3 Nf8 30. Ba2 Qe8 31. Bb2 Nd7 32. Qd6 Kh7 33. Bxf7 Qxf7 34. Qxd7 Qf8 35. Bxe5 Bxe5 36. Nxe5 Qf6 {[%emt 0:00:44] normal} 1-0

[Event "GER-ch Youth U12w 2019"]
[Site "Willingen"]
[Date "2019.06.11"]
[Round "4.3"]
[White "Petrosyan, Ani"]
[Black "Pohle, Saskia"]
[Result "0-1"]
[ECO "A34"]
[WhiteElo "1378"]
[BlackElo "1819"]
[Annotator "NA"]
[PlyCount "93"]
[EventDate "2019.06.07"]
[EventType "swiss"]
[EventRounds "9"]
[EventCountry "GER"]
[SourceTitle "playchess.com"]
[Source "ChessBase"]
[SourceQuality "1"]
[TimeControl "40/4500+30:900+30"]

1. c4 c5 2. Nc3 g6 3. Nf3 Bg7 4. e3 Nf6 5. Be2 O-O 6. O-O Nc6 7. d4 cxd4 8. exd4 d5 9. b3 b6 10. Be3 Bb7 11. Rc1 Rc8 12. Qc2 Nb4 13. Qb1 dxc4 14. bxc4 Nc6 15. Rfd1 Ba6 16. Nb5 e6 17. Ne5 Qe7 18. Nxc6 Rxc6 19. Bf3 Rcc8 20. Bf4 Rfd8 21. Qb3 Nh5 22. Be3 e5 23. d5 Bxb5 24. Qxb5 Nf6 25. c5 e4 26. d6 Qe6 27. Be2 bxc5 28. Bxc5 Bf8 29. Bc4 Qe5 30. Bxa7 Qxb5 31. Bxb5 Rxc1 32. Rxc1 Bxd6 33. a4 Bb4 34. Ra1 Ba5 35. Kf1 Nd5 36. Bc6 Nc3 37. Be3 f5 38. Rc1 Na2 39. Ra1 Nb4 40. Bb5 Kg7 41. Ke2 Nc2 42. Rd1 Rxd1 43. Kxd1 Nxe3+ 44. fxe3 Kf6 45. Kc2 Ke5 46. g3 g5 47. Be2 {[%emt 0:01:13] normal} 0-1

[Event "GER-ch Youth U12w 2019"]
[Site "Willingen"]
[Date "2019.06.11"]
[Round "4.4"]
[White "Peglau, Charis"]
[Black "Adelmeyer, Nelly"]
[Result "1/2-1/2"]
[ECO "A06"]
[WhiteElo "1514"]
[BlackElo "1420"]
[Annotator "NA"]
[PlyCount "97"]
[EventDate "2019.06.07"]
[EventType "swiss"]
[EventRounds "9"]
[EventCountry "GER"]
[SourceTitle "playchess.com"]
[Source "ChessBase"]
[SourceQuality "1"]
[TimeControl "40/4500+30:900+30"]

1. Nf3 d5 2. g3 Nf6 3. Bg2 Bf5 4. d4 e6 5. O-O Be7 6. Bf4 O-O 7. Nbd2 Nbd7 8. c4 c6 9. Rc1 Rc8 10. a3 Qb6 11. b4 a5 12. c5 Qb5 13. Qb3 axb4 14. axb4 Qxe2 15. Rfe1 Qd3 16. Rc3 Qa6 17. Bf1 b5 18. Rcc1 Ra8 19. Ra1 Qb7 20. Ne5 Nxe5 21. Bxe5 Ne4 22. Nxe4 Bxe4 23. f3 Bg6 24. Qc3 Rxa1 25. Rxa1 Ra8 26. Ra3 Bd8 27. Qa1 Rxa3 28. Qxa3 Bc2 29. Kf2 Ba4 30. Bh3 Bc7 31. f4 Bxe5 32. fxe5 Qe7 33. Qe3 f6 34. Kg2 Bc2 35. Qf4 Be4+ 36. Kg1 fxe5 37. Qxe5 Kf7 38. Qf4+ Kg6 39. Qg4+ Kf7 40. Qf4+ Qf6 41. Qxf6+ Kxf6 42. Kf2 Bf5 43. Bg2 e5 44. Ke3 exd4+ 45. Kxd4 g5 46. Bh1 Ke6 47. Bf3 Bg6 48. Bg4+ {[%emt 0:00:00] normal} Bf5 49. Bf3 {[%emt 0:00:00] normal} 1/2-1/2

[Event "GER-ch Youth U12w 2019"]
[Site "Willingen"]
[Date "2019.06.11"]
[Round "4.5"]
[White "Fischer, Darja"]
[Black "Hubert, Charlotte"]
[Result "1/2-1/2"]
[ECO "C42"]
[WhiteElo "1480"]
[BlackElo "1311"]
[Annotator "NA"]
[PlyCount "52"]
[EventDate "2019.06.07"]
[EventType "swiss"]
[EventRounds "9"]
[EventCountry "GER"]
[SourceTitle "playchess.com"]
[Source "ChessBase"]
[SourceQuality "1"]
[TimeControl "40/4500+30:900+30"]

1. e4 e5 2. Nf3 Nf6 3. Nxe5 d6 4. Nf3 Nxe4 5. Nc3 Nxc3 6. dxc3 Be7 7. Be3 Nc6 8. Qd2 Be6 9. O-O-O Qd7 10. Ng5 O-O-O 11. Nxe6 Qxe6 12. Kb1 a6 13. g3 Qd7 14. Bg2 g6 15. Rhe1 Rhe8 16. a3 f5 17. f4 Bf6 18. c4 Re7 19. c5 dxc5 20. Bxc6 Qxd2 21. Rxd2 Rxd2 22. Bxb7+ Kxb7 23. Bxd2 Rxe1+ 24. Bxe1 Kc6 25. c4 Bd4 26. Kc2 Bf6 {normal} 1/2-1/2

[Event "GER-ch Youth U12w 2019"]
[Site "Willingen"]
[Date "2019.06.11"]
[Round "4.6"]
[White "Labuda, Annika"]
[Black "Trunz, Michelle"]
[Result "1/2-1/2"]
[ECO "B90"]
[WhiteElo "1251"]
[BlackElo "1505"]
[Annotator "NA"]
[PlyCount "75"]
[EventDate "2019.06.07"]
[EventType "swiss"]
[EventRounds "9"]
[EventCountry "GER"]
[SourceTitle "playchess.com"]
[Source "ChessBase"]
[SourceQuality "1"]
[TimeControl "40/4500+30:900+30"]

1. e4 c5 2. Nf3 d6 3. d4 cxd4 4. Nxd4 Nf6 5. Nc3 a6 6. Be3 e5 7. Nb3 Be6 8. f3 b5 9. Qd2 Be7 10. O-O-O O-O 11. g4 Qc7 12. g5 Nh5 13. f4 exf4 14. Bxf4 Nxf4 15. Qxf4 b4 16. Nd5 Bxd5 17. exd5 Rc8 18. Bd3 a5 19. Nd2 Nd7 20. Qe4 Nf8 21. h4 Re8 22. Qc4 Qxc4 23. Nxc4 Nd7 24. Rde1 Nc5 25. Re3 Nxd3+ 26. Rxd3 Bf8 27. Nb6 Ra7 28. Rhd1 Re4 29. Rd4 Re2 30. R4d2 Re8 31. Rd4 g6 32. Nc4 Ra6 33. Rf1 Bg7 34. Rdf4 Re7 35. Kd1 h5 {[%emt 0:03:53] normal} 36. Re1 {[%emt 0:02:40] normal} Rxe1+ 37. Kxe1 Kf8 {[%emt 0:01:06] normal} 38. Re4 {[%emt 0:00:20] normal} 1/2-1/2

[Event "GER-ch Youth U12w 2019"]
[Site "Willingen"]
[Date "2019.06.11"]
[Round "4.7"]
[White "Wilmink, Anna"]
[Black "Glowiak, Alexandra"]
[Result "1-0"]
[ECO "C54"]
[WhiteElo "1466"]
[BlackElo "1439"]
[Annotator "NA"]
[PlyCount "63"]
[EventDate "2019.06.07"]
[EventType "swiss"]
[EventRounds "9"]
[EventCountry "GER"]
[SourceTitle "playchess.com"]
[Source "ChessBase"]
[SourceQuality "1"]
[TimeControl "40/4500+30:900+30"]

1. e4 e5 2. Nf3 Nc6 3. Bc4 Bc5 4. c3 Nf6 5. d4 exd4 6. cxd4 Bb4+ 7. Bd2 Bxd2+ 8. Nbxd2 d5 9. exd5 Nxd5 10. Qb3 Na5 11. Qa4+ c6 12. Bxd5 Qxd5 13. O-O O-O 14. Rfe1 b6 15. Re5 Qd7 16. Rae1 Ba6 17. Re7 Qc8 18. Qc2 Nb7 19. Ng5 g6 20. Qe4 Nd6 21. Qh4 h5 22. Qf4 Nf5 23. Rc7 Qd8 24. Rxc6 Bb5 25. Rc7 Qxd4 26. Qxd4 Nxd4 27. h3 Ne2+ 28. Kh2 Nf4 29. Re5 Ba6 30. g3 {[%emt 0:02:55] normal} Nd3 31. Ree7 Nxb2 {[%emt 0:01:10] normal} 32. Nxf7 {[%emt 0:02:11] normal} 1-0

[Event "GER-ch Youth U12w 2019"]
[Site "Willingen"]
[Date "2019.06.11"]
[Round "4.8"]
[White "Vianden, Ella"]
[Black "Voigt, Anastasia"]
[Result "0-1"]
[ECO "C96"]
[WhiteElo "1328"]
[BlackElo "1447"]
[Annotator "NA"]
[PlyCount "96"]
[EventDate "2019.06.07"]
[EventType "swiss"]
[EventRounds "9"]
[EventCountry "GER"]
[SourceTitle "playchess.com"]
[Source "ChessBase"]
[SourceQuality "1"]
[TimeControl "40/4500+30:900+30"]

1. e4 e5 2. Nf3 Nc6 3. Bb5 a6 4. Ba4 Nf6 5. O-O Be7 6. Re1 b5 7. Bb3 O-O 8. c3 d6 9. h3 Na5 10. Bc2 Nc4 11. b3 Nb6 12. d4 exd4 13. cxd4 c5 14. e5 dxe5 15. dxe5 Qxd1 16. Rxd1 Nfd7 17. Bb2 Bb7 18. Nbd2 Rfe8 19. Re1 Bd8 20. Re2 Rc8 21. Rae1 Bd5 22. Kf1 c4 23. Re3 b4 24. Bd4 c3 25. Nb1 Be6 26. a3 a5 27. h4 Nd5 28. R3e2 h6 29. Bd3 Nf4 30. Re3 Nxd3 31. Rxd3 Bxb3 32. Rc1 Bc4 33. Ke2 Bxd3+ 34. Kxd3 Nb6 35. Kc2 Nd5 36. g4 f6 37. g5 fxg5 38. hxg5 hxg5 39. Rg1 Ne7 40. Rxg5 Nc6 41. Rg6 Nxd4+ 42. Nxd4 Rxe5 43. f3 Bf6 44. Rg4 Rg5 45. Rxg5 Bxg5 46. Ne6 Be7 47. axb4 axb4 48. f4 Rc4 {[%emt 0:00:00] normal} 0-1

[Event "GER-ch Youth U12w 2019"]
[Site "Willingen"]
[Date "2019.06.11"]
[Round "4.9"]
[White "Keymer, Cecilia"]
[Black "Stepanjan, Marianne"]
[Result "1-0"]
[ECO "D35"]
[WhiteElo "1511"]
[BlackElo "1312"]
[Annotator "NA"]
[PlyCount "47"]
[EventDate "2019.06.07"]
[EventType "swiss"]
[EventRounds "9"]
[EventCountry "GER"]
[SourceTitle "playchess.com"]
[Source "ChessBase"]
[SourceQuality "1"]
[TimeControl "40/4500+30:900+30"]

1. d4 d5 2. c4 e6 3. Nc3 Nf6 4. cxd5 exd5 5. Bg5 Be7 6. e3 Be6 7. Bd3 Nbd7 8. h3 c5 9. Nf3 O-O 10. O-O Rc8 11. Rc1 a6 12. a4 Qb6 13. Qc2 h6 14. Bh4 c4 15. Be2 Qa5 16. Ne5 Rfe8 17. f4 Nb8 18. Kh1 g6 19. Nxg6 Bd8 20. Ne5 Nc6 21. Bxf6 Bxf6 22. Bh5 Nxe5 23. dxe5 Bh4 24. f5 {[%emt 0:02:04] normal} 1-0

[Event "GER-ch Youth U12w 2019"]
[Site "Willingen"]
[Date "2019.06.12"]
[Round "5.1"]
[White "Zhou, Lepu Coco"]
[Black "Sereda, Yaroslava"]
[Result "1-0"]
[ECO "B39"]
[WhiteElo "1724"]
[BlackElo "1626"]
[Annotator "NA"]
[PlyCount "160"]
[EventDate "2019.06.07"]
[EventType "swiss"]
[EventRounds "9"]
[EventCountry "GER"]
[SourceTitle "playchess.com"]
[Source "ChessBase"]
[SourceQuality "1"]
[TimeControl "40/4500+30:900+30"]

1. e4 c5 2. Nf3 Nc6 3. d4 cxd4 4. Nxd4 g6 5. c4 Bg7 6. Be3 Nf6 7. Nc3 Ng4 8. Nxc6 Nxe3 9. Nxd8 Nxd1 10. Rxd1 Bxc3+ 11. bxc3 Kxd8 12. c5 b6 13. c6 Kc7 14. cxd7 Bxd7 15. Bc4 e6 16. O-O Bc6 17. f3 Rhd8 18. Kf2 Rac8 19. Rd4 Kb7 20. Bb3 Rd7 21. Rfd1 Rcd8 22. Kg3 Kc7 23. Kf4 Re8 24. Rxd7+ Bxd7 25. Kg5 f5 26. e5 Rf8 27. Rd6 f4 28. Bxe6 Bxe6 29. Rxe6 Rf5+ 30. Kg4 Kd7 31. Rd6+ Ke7 32. Rd4 Rxe5 33. Re4 Kd6 34. Kxf4 Ra5 35. Re2 Rc5 36. Rc2 b5 37. Ke4 a5 38. Kd3 Rh5 39. h3 Rd5+ 40. Ke2 Re5+ 41. Kd1 Rc5 42. Kc1 Ke5 43. g3 g5 44. Kb2 h5 45. Re2+ Kf6 46. Re8 Kf7 47. Re4 Kf6 48. Kb3 Rd5 49. Re3 Kf5 50. c4 bxc4+ 51. Kxc4 Rd2 52. Ra3 Rc2+ 53. Kd4 Rd2+ 54. Ke3 Rd5 55. Ra4 Rb5 56. h4 gxh4 57. Rxh4 Kg6 58. g4 hxg4 59. Rxg4+ Kf5 60. Ra4 Re5+ 61. Kd3 Rd5+ 62. Rd4 Rc5 63. f4 Rb5 64. Ra4 Kf6 65. Rc4 Kf5 66. Ke3 Rd5 67. a4 Kf6 68. Ke4 Rh5 69. Kd4 Rh4 70. Kc5 Rh5+ 71. Kb6 Rf5 72. Rc5 Rxf4 73. Kxa5 Rf1 74. Kb6 Rb1+ 75. Rb5 Re1 76. a5 Re6+ 77. Ka7 Ke7 78. Rb6 Re5 79. a6 Kd7 {[%emt 0:00:28] normal} 80. Kb7 Rc5 {[%emt 0:00:24] normal} 1-0

[Event "GER-ch Youth U12w 2019"]
[Site "Willingen"]
[Date "2019.06.12"]
[Round "5.2"]
[White "Pohle, Saskia"]
[Black "Braeutigam, Katerina"]
[Result "0-1"]
[ECO "B10"]
[WhiteElo "1819"]
[BlackElo "1697"]
[Annotator "NA"]
[PlyCount "85"]
[EventDate "2019.06.07"]
[EventType "swiss"]
[EventRounds "9"]
[EventCountry "GER"]
[SourceTitle "playchess.com"]
[Source "ChessBase"]
[SourceQuality "1"]
[TimeControl "40/4500+30:900+30"]

1. e4 c6 2. Nc3 d5 3. Nf3 d4 4. Ne2 c5 5. d3 Nc6 6. h3 e5 7. Bd2 Nf6 8. g4 h6 9. Ng3 Be6 10. Qe2 b5 11. Bg2 Qc7 12. a3 c4 13. O-O g6 14. a4 Qb7 15. axb5 Qxb5 16. Rab1 cxd3 17. cxd3 Ba2 18. Rbc1 Bg7 19. Nh2 O-O 20. f4 exf4 21. Bxf4 g5 22. Bd6 Rfd8 23. Nf5 Rac8 24. Nxg7 Kxg7 25. e5 Ne8 26. Bc5 Nb4 27. Bxb4 Qxb4 28. Nf3 Rb8 29. Rc2 Bb3 30. Rd2 Nc7 31. Qf2 Ne6 32. h4 Qe7 33. h5 Rbc8 34. Re1 Qb4 35. Nh4 gxh4 36. Qf6+ Kg8 37. Rf1 Ng5 38. Rdf2 Qf8 {[%emt 0:00:19] normal} 39. Re2 {[%emt 0:04:13] normal} Qg7 40. Qe7 a6 {[%emt 0:00:44] normal} 41. Bb7 {[%emt 0:15:55] normal} Rb8 42. Bxa6 {[%emt 0:00:00] normal} Be6 43. Rg2 {[%emt 0:00:00] normal} 0-1

[Event "GER-ch Youth U12w 2019"]
[Site "Willingen"]
[Date "2019.06.12"]
[Round "5.3"]
[White "Roncea, Andrea-Alexandra"]
[Black "Keymer, Cecilia"]
[Result "1/2-1/2"]
[ECO "C50"]
[WhiteElo "1558"]
[BlackElo "1511"]
[Annotator "NA"]
[PlyCount "71"]
[EventDate "2019.06.07"]
[EventType "swiss"]
[EventRounds "9"]
[EventCountry "GER"]
[SourceTitle "playchess.com"]
[Source "ChessBase"]
[SourceQuality "1"]
[TimeControl "40/4500+30:900+30"]

1. e4 e5 2. Nf3 Nc6 3. Bc4 Bc5 4. d3 Nf6 5. Bb3 a6 6. O-O Ba7 7. Nbd2 d6 8. c3 h6 9. Bc2 Be6 10. a3 O-O 11. h3 Re8 12. Re1 Qd7 13. Nf1 Rad8 14. d4 exd4 15. cxd4 d5 16. e5 Nh7 17. Be3 Bf5 18. Bxf5 Qxf5 19. Ng3 Qd7 20. Qd2 Ne7 21. Nh4 Nf8 22. Nh5 Nf5 23. Nxf5 Qxf5 24. g4 Qg6 25. f4 f5 26. exf6 gxf6 27. f5 Qf7 28. Bxh6 Re4 29. Be3 Nh7 30. Ng3 Ng5 31. Qg2 Rxe3 32. Rxe3 Bxd4 33. Nf1 Bxe3+ 34. Nxe3 Ne4 35. Re1 c6 36. h4 {[%emt 0:04:05] normal} 1/2-1/2

[Event "GER-ch Youth U12w 2019"]
[Site "Willingen"]
[Date "2019.06.12"]
[Round "5.4"]
[White "Voigt, Anastasia"]
[Black "Wilmink, Anna"]
[Result "0-1"]
[ECO "B34"]
[WhiteElo "1447"]
[BlackElo "1466"]
[Annotator "NA"]
[PlyCount "65"]
[EventDate "2019.06.07"]
[EventType "swiss"]
[EventRounds "9"]
[EventCountry "GER"]
[SourceTitle "playchess.com"]
[Source "ChessBase"]
[SourceQuality "1"]
[TimeControl "40/4500+30:900+30"]

1. e4 c5 2. Nf3 Nc6 3. d4 cxd4 4. Nxd4 g6 5. Nc3 Bg7 6. Be3 Nf6 7. f3 O-O 8. Qd2 d5 9. Nxc6 bxc6 10. Rd1 Be6 11. e5 Nd7 12. f4 Nb6 13. Be2 Qc7 14. O-O Rfd8 15. Qe1 Bf5 16. Bd3 d4 17. Bxf5 dxc3 18. Be4 cxb2 19. Bd4 Nc8 20. c3 Rb8 21. Qe3 a5 22. Bc2 a4 23. a3 Nb6 24. Bxb6 Rxb6 25. Rb1 Ra8 26. Rf2 Rab8 27. Bxa4 Ra6 28. Bd1 Rxa3 29. Rfxb2 Rxb2 30. Rxb2 Ra1 31. Qd3 Qa7+ 32. Kf1 Qa4 33. Ke2 {[%emt 0:10:50] normal} 0-1

[Event "GER-ch Youth U12w 2019"]
[Site "Willingen"]
[Date "2019.06.12"]
[Round "5.5"]
[White "Hubert, Charlotte"]
[Black "Peglau, Charis"]
[Result "0-1"]
[ECO "C47"]
[WhiteElo "1311"]
[BlackElo "1514"]
[Annotator "NA"]
[PlyCount "137"]
[EventDate "2019.06.07"]
[EventType "swiss"]
[EventRounds "9"]
[EventCountry "GER"]
[SourceTitle "playchess.com"]
[Source "ChessBase"]
[SourceQuality "1"]
[TimeControl "40/4500+30:900+30"]

1. e4 e5 2. Nf3 Nc6 3. Nc3 Nf6 4. d4 Bb4 5. Nxe5 Qe7 6. Nxc6 Bxc3+ 7. bxc3 Qxe4+ 8. Qe2 dxc6 9. Qxe4+ Nxe4 10. Bb2 O-O 11. Bd3 Re8 12. O-O Bd7 13. Rfe1 Nf6 14. Rad1 Nd5 15. Bc4 Rad8 16. Bb3 Bg4 17. Rb1 Nf4 18. Kf1 Be2+ 19. Kg1 Bg4 20. Kf1 h6 21. h3 Bf5 22. Rbd1 c5 23. Rc1 c6 24. a3 Be4 25. f3 Bf5 26. Rcd1 c4 27. Bxc4 Bxc2 28. Rxe8+ Rxe8 29. Rd2 Bf5 30. Bc1 Be6 31. Bxe6 Rxe6 32. Rd1 Nd5 33. c4 Nb6 34. c5 Nd5 35. Re1 Rxe1+ 36. Kxe1 Kf8 37. Ke2 Ke7 38. Kd3 Ke6 39. Ke4 Kf6 40. h4 Ke6 41. Bd2 Nf6+ 42. Kd3 Kd5 43. Bc1 b6 44. cxb6 axb6 45. Bd2 b5 46. Bc1 Nd7 47. Bb2 Nb6 48. Bc1 Na4 49. g3 h5 50. g4 g6 51. g5 Nb6 52. Bf4 Nc4 53. Bc1 Nd6 54. Be3 Nb7 55. Bf2 Ke6 56. Be3 Nd6 57. Ke2 Nb7 58. Kd3 Nd6 59. Ke2 Nc8 60. Kd3 Kf5 61. Ke2 Nb6 62. Kd3 Nd5 63. Bc1 Nf4+ 64. Ke3 Ng2+ 65. Kf2 Nf4 66. Ke3 Nd5+ 67. Kd3 f6 68. Bd2 fxg5 69. Bxg5 {[%emt 0:00:07] normal} 0-1

[Event "GER-ch Youth U12w 2019"]
[Site "Willingen"]
[Date "2019.06.12"]
[Round "5.6"]
[White "Ding, Tina"]
[Black "Fischer, Darja"]
[Result "0-1"]
[ECO "B20"]
[WhiteElo "1180"]
[BlackElo "1480"]
[Annotator "NA"]
[PlyCount "75"]
[EventDate "2019.06.07"]
[EventType "swiss"]
[EventRounds "9"]
[EventCountry "GER"]
[SourceTitle "playchess.com"]
[Source "ChessBase"]
[SourceQuality "1"]
[TimeControl "40/4500+30:900+30"]

1. e4 c5 2. c4 Nc6 3. Nc3 d6 4. g3 Nf6 5. d3 g6 6. Bg2 Bg7 7. Nge2 O-O 8. O-O Rb8 9. Rb1 b6 10. Bf4 Bb7 11. a3 Nd7 12. Qd2 Nde5 13. b4 Qd7 14. b5 Nd8 15. Bh6 f5 16. Bxg7 Kxg7 17. h3 fxe4 18. Nxe4 Bxe4 19. dxe4 Nf3+ 20. Bxf3 Rxf3 21. Qb2+ e5 22. Kg2 Rf6 23. f4 Nf7 24. Rbd1 Qe6 25. g4 Qxc4 26. Ng3 Kg8 27. fxe5 Rxf1 28. Rxf1 dxe5 29. Rd1 Qe6 30. Rd5 Rd8 31. Rxd8+ Nxd8 32. Kf3 Nf7 33. h4 Qc4 34. Ne2 Qd3+ 35. Kf2 Qxe4 36. Kg3 c4 37. Nc3 Qd3+ 38. Kf2 {[%emt 0:00:38] normal} 0-1

[Event "GER-ch Youth U12w 2019"]
[Site "Willingen"]
[Date "2019.06.12"]
[Round "5.7"]
[White "Trunz, Michelle"]
[Black "Petrosyan, Ani"]
[Result "1/2-1/2"]
[ECO "B14"]
[WhiteElo "1505"]
[BlackElo "1378"]
[Annotator "NA"]
[PlyCount "56"]
[EventDate "2019.06.07"]
[EventType "swiss"]
[EventRounds "9"]
[EventCountry "GER"]
[SourceTitle "playchess.com"]
[Source "ChessBase"]
[SourceQuality "1"]
[TimeControl "40/4500+30:900+30"]

1. e4 c6 2. d4 d5 3. exd5 cxd5 4. c4 Nf6 5. Nc3 g6 6. Nf3 Bg7 7. Bg5 O-O 8. Bxf6 Bxf6 9. Nxd5 Bg7 10. Qd2 Nc6 11. Rd1 Bg4 12. Qg5 Bxf3 13. gxf3 e6 14. Qxd8 Rfxd8 15. Nc7 Rac8 16. d5 Rxc7 17. dxc6 Rxd1+ 18. Kxd1 Rxc6 19. b3 Rd6+ 20. Ke2 Bc3 21. a3 Rd2+ 22. Ke3 e5 23. Bd3 f5 24. Rc1 f4+ 25. Ke4 Bb2 26. Rc2 Rxc2 27. Bxc2 Bd4 28. Kd5 Kf7 {[%emt 0:01:49] normal} 1/2-1/2